 Dungeon Crawl Stone Soup version 0.17-a0-1504-gb7d9117 (webtiles) character file.

251 amnekian the Stinger (level 6, -1/44 HPs)
             Began as a Formicid Venom Mage on July 9, 2015.
             Slain by a killer bee (4 damage)
             ... on level 3 of the Dungeon.
             The game lasted 00:24:04 (3623 turns).

amnekian the Stinger (Formicid Venom Mage)          Turns: 3623, Time: 00:24:04

Health: -1/44      AC:  2    Str: 14    XL:     6   Next: 36%
Magic:  0/9        EV: 12    Int: 14    God:
Gold:   58         SH:  0    Dex: 12    Spells: 3 memorised, 3 levels left

rFire  . . .     SeeInvis +     g - +0 dagger (venom)
rCold  . . .     Clarity  .     a - +0 robe
rNeg   . . .     SustAt   .     (no shield)
rPois  .         Gourm    .     (helmet unavailable)
rElec  .         Spirit   .     (no cloak)
rCorr  .         Warding  .     (no gloves)
rMut   .         Stasis   +     (no boots)
MR     .....                    (no amulet)
Stlth  +++.......               (no ring)
                                h - ring of stealth

@: lethally poisoned (-1 -> -9), not resistant to hostile enchantments, fairly
stealthy
A: permanent stasis, dig shafts and tunnels, four strong arms, antennae 3
a: Dig, Shaft Self


You were on level 3 of the Dungeon.
You were not hungry.

You visited 1 branch of the dungeon, and saw 3 of its levels.

You collected 58 gold pieces.

Inventory:

Hand weapons
 g - a +0 dagger of venom (weapon)
Missiles
 d - 89 stones (quivered)
 m - 33 poisoned needles
 n - 2 curare-tipped needles
 s - 20 sling bullets
Armour
 a - a +0 robe (worn)
 o - a cursed +0 large shield
 q - a +1 ring mail
Jewellery
 h - a ring of stealth (left hand)
Scrolls
 k - 2 scrolls of identify
 r - a scroll of magic mapping
Potions
 e - a potion of invisibility
 j - a potion of agility {unknown}
 l - 2 potions of haste {unknown}
Books
 b - a Young Poisoner's Handbook

   Spells                             Type                      Level
   a - Sting                          Conjuration/Poison           1
   b - Cure Poison                    Poison                       2
   c - Mephitic Cloud                 Conjuration/Poison/Air       3
   d - Olgreb's Toxic Radiance        Poison                       4
   e - Venom Bolt                     Conjuration/Poison           5
Comestibles
 c - 2 bread rations
 f - 4 chunks of flesh
 i - a slice of pizza
 p - 4 meat rations


   Skills:
 - Level 1.8 Fighting
 - Level 1.7 Dodging
 - Level 2.4 Stealth
 - Level 2.1 Spellcasting
 * Level 4.1 Conjurations
 - Level 6.6 Poison Magic


You had 3 spell levels left.
You knew the following spells:

 Your Spells              Type           Power        Failure   Level  Hunger
a - Sting                 Conj/Pois      ###.         2%          1    #......
b - Mephitic Cloud        Conj/Pois/Air  ##......     17%         3    ###....
c - Cure Poison           Pois           ###.......   2%          2    ###....


Dungeon Overview and Level Annotations

Branches:
Dungeon (3/15)

Altars:
Vehumet
Zin


Innate Abilities, Weirdness & Mutations

You are under a permanent stasis effect.
You can dig through walls and to a lower floor.
Your four strong arms can wield two-handed weapons with a shield.
You have a pair of large antennae on your head (SInv).


Message History

The killer bee is severely wounded.
You feel sick. The killer bee closely misses you.
The killer bee barely misses you.
Unknown command.
You feel sick. The killer bee barely misses you.
You feel sick. The killer bee stings you.
You feel sick.
You kill the killer bee!
Your Conjurations skill increases to level 4!
You feel sick. The killer bee stings you!
* * * LOW HITPOINT WARNING * * *
Casting: Sting
Confirm with . or Enter, or press ? or * to list all spells.
Aiming: Sting
Press: ? - help, Shift-Dir - straight line, f - killer bee
Aim: a killer bee The sting hits the killer bee.
The killer bee appears unharmed.
* * * LOW HITPOINT WARNING * * *
You feel sick. The killer bee stings you.
You die...

#....##.#. .#.##
#....##.#.##.#.. .. ....
#....##.#......# #.#.....
#....##.#......# #.#....#
......#)#......# #.#....#
#.....#.#......# #......#
#.###.#.#....#...#.......
#.# #.#.#....#.###...#
#.....#....<....@yo#
#########...>#.###y#
.(........#.##.# #.#
..#######.#.##.# #)# ..##
#.#....###.#
...######........#.#
...#...............#
.....#####.......###
.._..## #......y#


You could see 2 killer bees and an orc.

Vanquished Creatures
  A killer bee (D:3)
  Ijyb (D:2)
  4 gnolls
  6 adders
  2 worms (D:2)
  2 giant geckos
  5 orcs (D:3)
  2 ball pythons (D:1)
  17 bats
  6 giant cockroaches
  5 hobgoblins
  A quokka (D:3)
  5 giant newts
  9 goblins
  12 kobolds
  3 rats
81 creatures vanquished.

Notes
Turn   | Place    | Note
--------------------------------------------------------------
     0 | D:1      | amnekian the Formicid Venom Mage began the quest for the Orb.
     0 | D:1      | Reached XP level 1. HP: 13/13 MP: 3/3
   332 | D:1      | Reached XP level 2. HP: 11/19 MP: 0/5
   534 | D:1      | Reached skill level 6 in Poison Magic
   830 | D:1      | Reached XP level 3. HP: 21/24 MP: 0/6
  1428 | D:2      | Noticed Ijyb
  1445 | D:2      | Killed Ijyb
  1445 | D:2      | Reached skill level 1 in Conjurations
  1445 | D:2      | Reached XP level 4. HP: 30/30 MP: 0/7
  1767 | D:2      | Reached skill level 1 in Fighting
  2021 | D:2      | Reached XP level 5. HP: 33/38 MP: 1/8
  2195 | D:2      | Learned a level 3 spell: Mephitic Cloud
  2198 | D:2      | Learned a level 2 spell: Cure Poison
  3452 | D:3      | Found a radiant altar of Vehumet.
  3454 | D:3      | Found a glowing silver altar of Zin.
  3478 | D:3      | Reached XP level 6. HP: 44/44 MP: 4/9
  3623 | D:3      | Slain by a killer bee

Vault maps used:
D:1:      dpeg_arrival_tiny_j, minivault_14, serial_bayou_lake_a
D:2:      minmay_misc_feat_nine_boxes, minmay_misc_feat_encased, uniq_iyjb
D:3:      minmay_goblin_kobold_castle, grunt_temple_overflow_open, serial_bayou,
          serial_bayou_shore_a, serial_bayou_pond_b, serial_bayou_lagoon_a,
          serial_bayou_pond_b

Action                   |  1- 3 |  4- 6 || total
-------------------------+-------+-------++-------
Melee: Unarmed           |    18 |       ||    18
       Dagger            |    38 |    76 ||   114
Throw: Stone             |     2 |     7 ||     9
 Cast: Sting             |    54 |    82 ||   136
       Cure Poison       |       |     2 ||     2
 Abil: Dig               |       |     1 ||     1
  Use: Scroll            |       |     9 ||     9
 Stab: Sleeping          |       |     1 ||     1
  Eat: Chunk             |     3 |     9 ||    12
